 Dungeon Crawl Stone Soup version 0.19.5 (webtiles) character file.

617 poop the Poker (level 7, -4/61 HPs)
             Began as a Minotaur Fighter on May 11, 2017.
             Was an Initiate of Gozag.
             Killed by divine providence
             ... invoked by an orc priest
              (15 damage)
             ... on level 4 of the Dungeon.
             The game lasted 00:08:50 (3016 turns).

poop the Poker (Minotaur Fighter)                   Turns: 3016, Time: 00:08:51

Health: -4/61      AC:  5    Str: 20    XL:     7   Next: 21%
Magic:  6/6        EV:  8    Int:  5    God:    Gozag
Gold:   341        SH: 10    Dex: 10    Spells: 0 memorised, 6 levels left

rFire  . . .     SeeInvis .     a - +1 trident
rCold  . . .     Gourm    .     b - +0 scale mail
rNeg   . . .     Faith    .     c - +1 shield
rPois  .         Spirit   .     (helmet unavailable)
rElec  .         Reflect  .     (no cloak)
rCorr  .         Harm     .     g - +0 pair of gloves
MR     .....                    (no boots)
Stlth  ..........               (no amulet)
                                l - -3 ring of protection (curse)
                                i - -2 ring of strength (curse)

@: no status effects
A: retaliatory headbutt, horns 3
a: Potion Petition, Call Merchant, Bribe Branch, Renounce Religion


You were on level 4 of the Dungeon.
You worshipped Gozag.
Gozag was aware of your devotion.
You were not hungry.

You visited 1 branch of the dungeon, and saw 4 of its levels.

You collected 385 gold pieces.
You paid 44 gold pieces to Gozag.

Inventory:

Hand Weapons
 a - a +1 trident (weapon)
Armour
 b - a +0 scale mail (worn)
 c - a +1 shield (worn)
 g - a +0 pair of gloves (worn)
Jewellery
 i - a cursed -2 ring of strength (left hand)
 k - an uncursed ring of positive energy
 l - a cursed -3 ring of protection (right hand)
Wands
 n - a wand of flame (30/48)
Scrolls
 d - a scroll of blinking
 q - a scroll of enchant armour
 u - a scroll of teleportation
Potions
 h - 2 potions of curing
 m - a potion of degeneration
 r - a potion of lignification
Comestibles
 f - a bread ration
 j - 2 meat rations
 o - 3 fruits
 v - a beef jerky


   Skills:
 + Level 5.0 Fighting
 + Level 6.1 Polearms
 * Level 6.0 Armour
 + Level 0.9 Dodging
 + Level 1.0 Stealth
 + Level 5.1 Shields


You had 6 spell levels left.
You didn't know any spells.

Dungeon Overview and Level Annotations

Branches:
Dungeon (4/15)
 Temple: D:4-7

Altars:
Gozag
Uskayaw
Zin


Innate Abilities, Weirdness & Mutations

You reflexively headbutt those who attack you in melee.
You have a pair of large horns on your head.


Message History

Okay, then.
You feel better. You block the orc warrior's attack.
The orc priest calls upon Beogh to heal the orc warrior.
The orc warrior is healed somewhat.
You hit the orc warrior. Your headbutt misses the orc warrior.
The orc warrior is lightly wounded.
You block the orc warrior's attack.
You hit the orc warrior.
The orc warrior is lightly wounded.
The orc warrior hits you with a scimitar.
* * * LOW HITPOINT WARNING * * *
The orc priest calls upon Beogh to heal the orc warrior.
The orc warrior's wounds heal themselves!
You hit the orc warrior but do no damage.
You block the orc warrior's attack.
You barely miss the orc warrior. You block the orc warrior's attack.
The orc priest invokes the aid of Beogh against you.
Beogh smites you!
You die...
Your body crumbles into a pile of gold.

#........ ..#........
............ +# ..........^
... ..........## ....
.......... .........
.........####.......
#.....oo@'.......
#.....####......# ...
#.....#####.....# ....
#.....#.........# .# .#
##...#.....#.........# .# #.#
......^....#.......<.# .##...
...........#.........#+#.....#
...........#.................#
..........$......#...........+


You could see an orc warrior and an orc priest.

Vanquished Creatures
  Grinder (D:3)
  Sigmund (D:2)
  The ghost of rozman the Ogre Mage, an amateur OgWz of Makhleb (D:3)
  A worker ant (D:4)
  5 adders
  2 worms
  A dart slug (D:2)
  4 leopard geckos
  8 orcs
  A ball python (D:3)
  2 giant cockroaches (D:1)
  22 goblins
  5 hobgoblins
  5 jackals
  6 kobolds
  2 quokkas
  8 bats
  7 frilled lizards
  10 rats
92 creatures vanquished.

Notes
Turn   | Place    | Note
-------+----------+-------------------------------------------
     0 | D:1      | poop the Minotaur Fighter began the quest for the Orb.
     0 | D:1      | Reached XP level 1. HP: 19/19 MP: 0/0
    56 | D:1      | Reached XP level 2. HP: 23/27 MP: 1/1
   197 | D:1      | Reached XP level 3. HP: 23/33 MP: 2/2
   705 | D:1      | Gained mutation: You have a pair of large horns on your head. [potion of beneficial mutation]
   851 | D:2      | Reached XP level 4. HP: 36/40 MP: 3/3
   854 | D:2      | Found a glowing silver altar of Zin.
   856 | D:2      | Found a hide-covered altar of Uskayaw.
   858 | D:2      | Found an opulent altar of Gozag.
  1140 | D:2      | Noticed Sigmund
  1167 | D:2      | Killed Sigmund
  1167 | D:2      | Reached skill level 5 in Armour
  1167 | D:2      | Reached XP level 5. HP: 26/47 MP: 4/4
  1556 | D:2      | Became a worshipper of Gozag Ym Sagoz the Greedy
  1643 | D:3      | Noticed Grinder
  1654 | D:3      | Killed Grinder
  1654 | D:3      | Reached skill level 5 in Polearms
  1654 | D:3      | Reached skill level 1 in Stealth
  1654 | D:3      | Reached skill level 5 in Shields
  1654 | D:3      | Reached XP level 6. HP: 19/53 MP: 5/5
  1927 | D:3      | Noticed rozman's ghost (amateur OgWz)
  1946 | D:3      | Killed rozman's ghost
  1946 | D:3      | Reached skill level 5 in Fighting
  1946 | D:3      | Reached XP level 7. HP: 48/61 MP: 6/6
  3005 | D:4      | HP: 3/61 [orc warrior/scimitar (17)]
  3016 | D:4      | Killed from afar by an orc priest

Skill      XL: |  1  2  3  4  5  6  7 |
---------------+----------------------+-----
Shields        | 4 5 |  5.1
Fighting       | 4 5 |  5.0
Polearms       | 3 4 5 6 |  6.1
Armour         | 4 5 6 |  6.0
Stealth        | 1 |  1.0
Dodging        | |  0.9

Action                   |  1- 3 |  4- 6 |  7- 9 || total
-------------------------+-------+-------+-------++-------
Melee: Trident           |   126 |    67 |    82 ||   275
       Headbutt          |    11 |    10 |     8 ||    29
Invok: Potion Petition   |       |     1 |       ||     1
  Use: Scroll            |     3 |     2 |     6 ||    11
       Potion            |     5 |     4 |     4 ||    13
 Stab: Invisible         |     2 |       |       ||     2
  Eat: Bread ration      |       |     1 |     1 ||     2
Armor: Scale mail        |    64 |    10 |    13 ||    87
Dodge: Dodged            |    47 |    15 |    32 ||    94
Block: Shield            |    87 |    20 |    40 ||   147
